[Event "Titled Tuesday Blitz May 23 Late 2023"]
[White "Tatarinov, Dmitry"]
[Black "Golubev, Mikhail"]
[WhiteFideId "24160067"]
[BlackFideId "14100983"]
[WhiteElo "2326"]
[BlackElo "2374"]
[Result "1/2-1/2"]
[Round "01"]
[TimeControl "180+2"]
[Date "2023.05.23"]
[WhiteClock "0:00:11"]
[BlackClock "0:00:06"]

1. d4 Nf6 2. c4 g6 3. Nf3 Bg7 4. g3 O-O 5. Bg2 d6 6. O-O Nbd7 7. Nc3 e5 8. e3 Re8 9. Qc2 c6 10. b3 exd4 11. Nxd4 Nc5 12. Bb2 a5 13. h3 a4 14. Rad1 Qb6 15. Rb1 h5 16. Rfd1 Bd7 17. Nxa4 Nxa4 18. bxa4 Qa6 19. Nb3 Bf5 20. e4 Nxe4 21. Bxg7 Kxg7 22. Qb2+ Kg8 23. Nd4 Bc8 24. Re1 Nf6 25. Nxc6 Rxe1+ 26. Rxe1 bxc6 27. Qxf6 Bf5 28. Qxd6 Qxa4 29. Qxc6 Qxc6 30. Bxc6 Rxa2 31. h4 Rc2 32. Bd5 Kf8 33. Ra1 Be6 34. Bxe6 fxe6 35. Ra4 Kf7 36. Kg2 Kf6 37. Kf3 Kf5 38. Ke3 e5 39. Kd3 Rxf2 40. c5 Ke6 41. Ra6+ Kd5 42. Rxg6 Kxc5 43. Ke4 Re2+ 44. Kf3 Re1 45. Rg5 Kd4 46. Rxh5 e4+ 47. Kf2 Rb1 48. Rh8 Rb2+ 49. Kg1 Ke3 50. Rf8 Rb1+ 51. Kg2 Rb2+ 52. Kh3 Kd2 53. h5 e3 54. h6 Rb6 55. Rd8+ Ke1 56. Rh8 e2 57. g4 Kf2 58. Rf8+ Kg1 59. Re8 Rxh6+ 60. Kg3 Kf1 61. Rf8+ Ke1 62. Re8 Rf6 63. g5 Rf1 64. Kg2 Rf5 65. g6 Rg5+ 66. Kf3 Rxg6 67. Rxe2+ Kf1 68. Ra2 Kg1 69. Ra1+ Kh2 70. Ra8 Kg1 71. Rf8 Kf1 72. Rf4 Ke1 73. Re4+ Kf1 74. Rb4 Rf6+ 75. Kg3 Rg6+ 76. Kf4 Rf6+ 77. Ke3 Re6+ 78. Kd3 Rd6+ 79. Ke4 Re6+ 80. Kf5 Re2 81. Rb1+ Re1 82. Rb3 Re2 83. Kf4 Rf2+ 84. Kg3 Rg2+ 85. Kh3 Rf2 86. Rc3 Re2 87. Kg3 Ke1 88. Kf3 Re8 89. Rc1+ Kd2 90. Rc7 Rf8+ 91. Kg2 Rg8+ 92. Kf3 Rf8+ 93. Ke4 Re8+ 94. Kf3 Rf8+ 1/2-1/2


[Site "https://www.chess.com"]

[Event "Titled Tuesday Blitz May 23 Late 2023"]
[White "Dudzinski, Pawel"]
[Black "Kuznetsov, Felix"]
[WhiteFideId "1117890"]
[BlackFideId "34147990"]
[WhiteElo "2099"]
[BlackElo "2281"]
[Result "0-1"]
[Round "01"]
[TimeControl "180+2"]
[Date "2023.05.23"]
[WhiteClock "0:00:00"]
[BlackClock "0:00:04"]

1. e4 c5 2. c4 Nc6 3. Nc3 e5 4. g3 g6 5. Bg2 Bg7 6. Rb1 Nge7 7. Nge2 O-O 8. d3 d6 9. a3 a5 10. Nd5 f5 11. O-O h6 12. f4 Nd4 13. fxe5 dxe5 14. Nxd4 exd4 15. Bd2 a4 16. b4 axb3 17. Qxb3 Kh7 18. Nxe7 Qxe7 19. exf5 Bxf5 20. Rbe1 Qd7 21. Be4 Bxe4 22. Rxf8 Rxf8 23. Rxe4 g5 24. Qd1 b5 25. cxb5 Qxb5 26. Qe2 Qb3 27. Re7 Kh8 28. h4 gxh4 29. Qg4 Rg8 30. Qg6 Qd1+ 31. Be1 Qf3 32. g4 h3 33. Qe4 Rf8 34. Qxf3 Rxf3 35. Rc7 Rxd3 36. Rxc5 Rxa3 37. Kh2 Re3 38. Bg3 d3 39. Rd5 Kh7 40. Kxh3 Kg6 41. Kg2 Bc3 42. Bf4 Re2+ 43. Kf3 Ra2 44. Rxd3 Bf6 45. Rd6 Ra5 46. Be3 Kf7 47. Bd4 Ra3+ 48. Kf4 Be7 49. Rc6 Bg5+ 50. Ke4 Ra4 51. Kf5 Rxd4 52. Rc7+ Ke8 53. Ke6 Re4+ 54. Kf5 Rf4+ 55. Ke6 Kd8 56. Rc4 Rxc4 0-1


[Site "https://www.chess.com"]

[Event "Titled Tuesday Blitz May 23 Late 2023"]
[White "Yanchenko, Roman"]
[Black "Fernandez Siles, Luis"]
[WhiteFideId "4137329"]
[BlackFideId "2209420"]
[WhiteElo "2491"]
[BlackElo "2195"]
[Result "1-0"]
[Round "01"]
[TimeControl "180+2"]
[Date "2023.05.23"]
[WhiteClock "0:00:47"]
[BlackClock "0:00:00"]

1. d4 Nf6 2. c4 g6 3. Nf3 Bg7 4. Nc3 O-O 5. Bf4 d6 6. e3 Bf5 7. Be2 Ne4 8. Nxe4 Bxe4 9. O-O Bxf3 10. Bxf3 Nc6 11. Qa4 e5 12. Bxc6 bxc6 13. dxe5 dxe5 14. Bg3 Qf6 15. Rad1 h5 16. c5 g5 17. f4 exf4 18. exf4 g4 19. f5 Qxb2 20. Qxc6 Qxa2 21. f6 Bh6 22. Qxc7 Qe6 23. Rde1 Qc4 24. Qe5 Rae8 25. Qxh5 Rxe1 26. Rxe1 Bd2 27. Rd1 Qd4+ 28. Kh1 Re8 29. c6 1-0


[Site "https://www.chess.com"]

[Event "Titled Tuesday Blitz May 23 Late 2023"]
[White "Vovk, Orest"]
[Black "Williams, Simon K"]
[WhiteFideId "14113490"]
[BlackFideId "404454"]
[WhiteElo "2215"]
[BlackElo "2468"]
[Result "1/2-1/2"]
[Round "01"]
[TimeControl "180+2"]
[Date "2023.05.23"]
[WhiteClock "0:00:06"]
[BlackClock "0:00:47"]

1. h4 d5 2. h5 e5 3. h6 Nxh6 4. d4 Ng4 5. f3 Nf6 6. dxe5 Nfd7 7. Qxd5 c6 8. Qd3 Na6 9. e6 fxe6 10. Rxh7 Rxh7 11. Qg6+ Ke7 12. Bg5+ Nf6 13. Bxf6+ gxf6 14. Qxh7+ Ke8 15. Qg6+ Kd7 16. Nd2 Kc7 17. O-O-O Qe7 18. Ne4 f5 19. Nd6 Bd7 20. e4 Qg7 21. Qxg7 Bxg7 22. Bxa6 bxa6 23. exf5 exf5 24. Nh3 Rd8 25. Nc4 Re8 26. f4 Re2 27. Ne5 Be6 28. Ng5 Bd5 29. c4 Bxe5 30. fxe5 Bxc4 31. e6 Bxe6 32. Nxe6+ Rxe6 33. Rf1 Re2 34. Rxf5 Rxg2 35. Rf7+ Kb6 36. a3 a5 37. Rf4 Kb5 38. Rf5+ c5 39. Rf7 a6 40. Rf4 a4 41. Rf3 Kc4 42. Rc3+ Kd4 43. Rh3 Re2 44. Rh4+ Re4 45. Rxe4+ Kxe4 46. Kc2 Kd4 47. Kd2 Kc4 48. Kc2 a5 49. Kc1 Kd3 50. Kb1 Kd2 51. Ka2 Kc2 52. Ka1 c4 53. Ka2 1/2-1/2


[Site "https://www.chess.com"]

[Event "Titled Tuesday Blitz May 23 Late 2023"]
[White "Schmakel, Sam"]
[Black "Arencibia Monduy, Antonio"]
[WhiteFideId "2039311"]
[BlackFideId "3507939"]
[WhiteElo "2356"]
[BlackElo "2421"]
[Result "1-0"]
[Round "01"]
[TimeControl "180+2"]
[Date "2023.05.23"]
[WhiteClock "0:01:39"]
[BlackClock "0:00:03"]

1. d4 Nf6 2. c4 e6 3. Nf3 d5 4. Nc3 c6 5. g3 Ne4 6. Bg2 f5 7. O-O Be7 8. Bf4 O-O 9. Qc2 Nd7 10. Rab1 Ndf6 11. b4 Nxc3 12. Qxc3 Ne4 13. Qc2 Bd6 14. Bxd6 Qxd6 15. c5 Qd8 16. Ne5 Nf6 17. b5 cxb5 18. Rxb5 Nd7 19. c6 Nb6 20. a4 bxc6 21. Qxc6 Bd7 22. Nxd7 Nxd7 23. Qxe6+ Kh8 24. Rxd5 1-0


[Site "https://www.chess.com"]

[Event "Titled Tuesday Blitz May 23 Late 2023"]
[White "Buchenau, Frank"]
[Black "Zemlyanskii, Ivan"]
[WhiteFideId "4604350"]
[BlackFideId "24249971"]
[WhiteElo "2157"]
[BlackElo "2421"]
[Result "1-0"]
[Round "01"]
[TimeControl "180+2"]
[Date "2023.05.23"]
[WhiteClock "0:00:08"]
[BlackClock "0:00:00"]

1. e4 Nc6 2. Nf3 d5 3. exd5 Qxd5 4. Nc3 Qa5 5. Bb5 Bd7 6. O-O Nf6 7. Re1 a6 8. Bxc6 Bxc6 9. Ne5 Qb6 10. d4 e6 11. Rb1 Be7 12. Be3 Qa5 13. b4 Bxb4 14. Nc4 Qf5 15. Rxb4 a5 16. Rb3 Ng4 17. h3 Nxe3 18. Nxe3 Qf6 19. d5 O-O-O 20. dxc6 Rxd1 21. cxb7+ Kb8 22. Rxd1 Rd8 23. Rxd8+ Qxd8 24. Nc4 Qg5 25. g3 Qc5 26. Ne3 f5 27. Ned1 g5 28. a4 Qd4 29. Rb5 f4 30. Rxg5 f3 31. Rxa5 Qd2 32. Re5 Qxc2 33. Re1 Kxb7 34. Re3 Qf5 35. Kh2 h5 36. Ne4 h4 37. Ndc3 hxg3+ 38. Nxg3 Qf4 39. Kg1 e5 40. Nce4 Qf7 41. a5 Ka6 42. Kh2 Kxa5 43. h4 Kb5 44. h5 Qf8 45. Ng5 1-0


[Site "https://www.chess.com"]

[Event "Titled Tuesday Blitz May 23 Late 2023"]
[White "Papasimakopoulos, Alexandros"]
[Black "Grossboss19"]
[WhiteFideId "4244125"]
[WhiteElo "2359"]
[BlackElo "2420"]
[Result "1-0"]
[Round "01"]
[TimeControl "180+2"]
[Date "2023.05.23"]
[WhiteClock "0:01:07"]
[BlackClock "0:00:53"]

1. d4 d5 2. c4 c6 3. cxd5 cxd5 4. Bf4 Nc6 5. e3 Nf6 6. Nc3 e6 7. Bd3 Bd6 8. Bxd6 Qxd6 9. f4 Nd7 10. Nf3 f5 11. Ne5 Ndxe5 12. fxe5 Qb4 13. Qd2 a6 14. O-O-O Bd7 15. Kb1 O-O-O 16. Rc1 Kb8 17. a3 Qa5 18. h4 h5 19. Qe1 f4 20. Rf1 Rhf8 21. Bg6 Qb6 22. Na4 Qb3 23. Nc5 Qxe3 24. Qxe3 fxe3 25. Rxf8 Rxf8 26. Nxd7+ Ka7 27. Nxf8 Nxd4 28. Re1 e2 29. Bxh5 Nf5 30. Bxe2 Nxh4 31. Nxe6 Nxg2 32. Rg1 Ne3 33. Rxg7 Nf5 34. Rd7 Ng3 35. Bd3 Nh5 36. b4 Ng3 37. Nc5 Nh5 38. Rxb7+ Ka8 39. Rf7 d4 40. e6 1-0


[Site "https://www.chess.com"]

[Event "Titled Tuesday Blitz May 23 Late 2023"]
[White "Mikhalsky, Vladimir"]
[Black "Boyer, Mahel"]
[WhiteFideId "14144352"]
[BlackFideId "45102422"]
[WhiteElo "2236"]
[BlackElo "2439"]
[Result "0-1"]
[Round "01"]
[TimeControl "180+2"]
[Date "2023.05.23"]
[WhiteClock "0:00:00"]
[BlackClock "0:00:56"]

1. d4 d6 2. e4 c5 3. dxc5 Qa5+ 4. Nc3 Qxc5 5. Be3 Qa5 6. Bc4 Nf6 7. f3 e6 8. Qd2 Be7 9. Nge2 a6 10. O-O Qc7 11. Bb3 Nbd7 12. a4 Ne5 13. a5 Nfd7 14. Rfd1 b5 15. axb6 Nxb6 16. Qd4 Rb8 17. f4 Ned7 18. Qxg7 Bf6 19. Qh6 Nc4 20. Bd4 Bxd4+ 21. Nxd4 Nxb2 22. Nxe6 fxe6 23. Qxe6+ Kd8 24. Nd5 Qc5+ 25. Kh1 Re8 26. Qh6 Bb7 27. Nf6 Nxd1 28. Rxd1 Rxe4 29. Nxd7 Kxd7 30. Qxh7+ Re7 31. Qh3+ Kc7 32. Qh4 Rbe8 33. f5 Re4 34. Qh7+ R8e7 0-1


[Site "https://www.chess.com"]

[Event "Titled Tuesday Blitz May 23 Late 2023"]
[White "Thomforde-Toates, Noah"]
[Black "Mujumdar, Sameer"]
[WhiteFideId "30951992"]
[BlackFideId "2029707"]
[WhiteElo "2744"]
[BlackElo "2104"]
[Result "0-1"]
[Round "01"]
[TimeControl "180+2"]
[Date "2023.05.23"]
[WhiteClock "0:00:21"]
[BlackClock "0:00:19"]

1. d4 Nf6 2. Nc3 e6 3. Bf4 d5 4. e3 a6 5. Nf3 c5 6. dxc5 Bxc5 7. Bd3 O-O 8. O-O b5 9. a3 Bb7 10. Qe2 Nc6 11. Rad1 Qe7 12. b4 Bb6 13. e4 Nd4 14. Nxd4 Bxd4 15. Bd2 Rac8 16. exd5 Bxc3 17. d6 Qxd6 18. Bxc3 Qc6 19. f3 Qxc3 20. Rfe1 Rfd8 21. Qe3 h6 22. Kf1 Qc7 23. Kg1 Nd5 24. Qe4 Nf6 25. Qh4 Rd6 26. Kh1 Rcd8 27. h3 Kh8 28. Qf2 Qb6 29. Qh4 Qc6 30. Rf1 Rd4 31. g4 Rf4 32. Be4 Rxe4 33. Rxd8+ Kh7 34. Qf2 Rf4 35. Rd3 Ne4 36. Qg2 Ng5 37. h4 Nxf3 38. Rf2 Nxh4 39. Qxc6 Bxc6+ 40. Kg1 Ng6 41. Rxf4 Nxf4 42. Rd6 Be4 43. Rxa6 Bxc2 44. Ra5 Ba4 45. Kf2 Kg6 46. Ke3 e5 47. Ra7 f6 48. Rb7 h5 49. Kf3 hxg4+ 50. Kxg4 f5+ 51. Kf3 Kg5 52. Rxg7+ Kf6 53. Rb7 Ne6 54. Rb6 e4+ 55. Ke3 Ke5 56. Rb8 f4+ 57. Ke2 Nd4+ 58. Kd2 e3+ 59. Kd3 Bc2+ 60. Kc3 Bf5 61. Re8+ Be6 62. a4 e2 63. Kd2 f3 64. axb5 f2 65. b6 e1=Q+ 66. Kd3 Qe2+ 67. Kc3 Qc2# 0-1


[Site "https://www.chess.com"]

[Event "Titled Tuesday Blitz May 23 Late 2023"]
[White "Mazurkiewicz, Michal"]
[Black "Csonka, Balazs"]
[WhiteFideId "1124943"]
[BlackFideId "742910"]
[WhiteElo "2054"]
[BlackElo "2404"]
[Result "0-1"]
[Round "01"]
[TimeControl "180+2"]
[Date "2023.05.23"]
[WhiteClock "0:00:02"]
[BlackClock "0:00:03"]

1. e4 e6 2. d3 c5 3. Nd2 Nc6 4. Ngf3 d5 5. g3 Bd6 6. Bg2 Nge7 7. O-O O-O 8. Re1 f6 9. c3 d4 10. Nc4 e5 11. a4 Be6 12. Nfd2 Bc7 13. Qe2 b6 14. Rf1 Qd7 15. f4 Rad8 16. f5 Bf7 17. Rf3 Bh5 18. Bf1 a6 19. h3 Bxf3 20. Nxf3 b5 21. axb5 axb5 22. Ncd2 dxc3 23. bxc3 Ra8 24. Rb1 b4 25. cxb4 cxb4 26. Nc4 Rfb8 27. g4 b3 28. g5 Ra2 29. Bb2 Kh8 30. Kh1 Na5 31. Ne3 Bb6 32. Ng4 Ng8 33. gxf6 gxf6 34. Nfxe5 Qg7 35. Qd1 Rxb2 36. Rxb2 fxe5 37. Rg2 Qe7 38. Qf3 Nf6 39. Qg3 Nxg4 40. Qxg4 Bd4 41. Qh5 b2 42. Qh6 b1=Q 43. f6 Qxf1+ 44. Kh2 Qfxf6 45. Qh5 Qf4+ 46. Kh1 Rb1+ 47. Rg1 Rxg1# 0-1


[Site "https://www.chess.com"]

[Event "Titled Tuesday Blitz May 23 Late 2023"]
[White "Szpar, Milosz"]
[Black "Van Dael, Siem"]
[WhiteFideId "1184989"]
[BlackFideId "1049771"]
[WhiteElo "2434"]
[BlackElo "2336"]
[Result "0-1"]
[Round "01"]
[TimeControl "180+2"]
[Date "2023.05.23"]
[WhiteClock "0:00:32"]
[BlackClock "0:00:06"]

1. e4 e5 2. Nf3 Nc6 3. Bb5 a6 4. Ba4 f5 5. d3 fxe4 6. dxe4 Nf6 7. O-O d6 8. h3 Be7 9. Bb3 Na5 10. Nc3 Nxb3 11. axb3 O-O 12. Qd3 Kh8 13. Be3 Qe8 14. Qc4 Bd8 15. Kh2 Be6 16. Qd3 Qh5 17. Kg3 Nd5 18. Rh1 Nf4 19. Bxf4 Rxf4 20. Nd5 Rf7 21. Ne3 Be7 22. Kh2 Raf8 23. Kg1 Rxf3 24. gxf3 Qxf3 25. Rh2 Bh4 26. Nd1 Qf4 27. Qe3 Qf6 28. Nc3 Bg5 29. Qd3 Bf4 30. Rg2 Qh6 31. Rg4 Bxg4 32. hxg4 Qh2+ 33. Kf1 Bg3 34. Ke2 Qxf2+ 35. Kd1 Qe1# 0-1


[Site "https://www.chess.com"]

[Event "Titled Tuesday Blitz May 23 Late 2023"]
[White "Kirillov, Dmitry"]
[Black "Jaracz, Pawel"]
[WhiteFideId "34180572"]
[BlackFideId "1102222"]
[WhiteElo "2161"]
[BlackElo "2438"]
[Result "0-1"]
[Round "01"]
[TimeControl "180+2"]
[Date "2023.05.23"]
[WhiteClock "0:00:01"]
[BlackClock "0:00:09"]

1. e4 e5 2. Nf3 Nc6 3. Nc3 Bb4 4. Bc4 Nf6 5. d3 d6 6. O-O Bxc3 7. bxc3 h6 8. h3 O-O 9. Re1 Be6 10. Bb3 Nh7 11. d4 Bxb3 12. axb3 a5 13. Bb2 Ng5 14. dxe5 Nxf3+ 15. Qxf3 dxe5 16. Red1 Qc8 17. c4 Qe6 18. Rd5 b6 19. Bc3 f6 20. Rad1 a4 21. Qg3 Rf7 22. b4 a3 23. b5 Ne7 24. Rd8+ Rf8 25. R8d7 a2 26. Rxc7 Rfc8 27. Rxc8+ Rxc8 28. Bb4 Qxc4 29. Bxe7 Qxc2 30. Rf1 Qb1 31. Qa3 Rc2 32. Bb4 Rb2 33. Bc3 Rb3 34. Qa8+ Kh7 35. Ba1 Qc2 36. Qc8 Qxc8 0-1


[Site "https://www.chess.com"]

[Event "Titled Tuesday Blitz May 23 Late 2023"]
[White "Mihajlov, Sebastian"]
[Black "Bouget, Alexandre"]
[WhiteFideId "1512110"]
[BlackFideId "681318"]
[WhiteElo "2478"]
[BlackElo "2189"]
[Result "0-1"]
[Round "01"]
[TimeControl "180+2"]
[Date "2023.05.23"]
[WhiteClock "0:00:00"]
[BlackClock "0:00:12"]

1. e4 c6 2. d4 Na6 3. c3 Nc7 4. Nf3 d6 5. e5 g6 6. Bf4 Bg7 7. Nbd2 Nd5 8. Bg3 Nh6 9. h3 Nf5 10. Bh2 h5 11. Bd3 O-O 12. Qe2 Qa5 13. Nc4 Qc7 14. g4 b5 15. gxf5 bxc4 16. Bc2 Rb8 17. Rb1 Bxf5 18. Bxf5 gxf5 19. Ng5 dxe5 20. dxe5 f4 21. Qxh5 Qxe5+ 22. Kf1 Qf5 23. Re1 f6 24. Rg1 Rxb2 25. Rg4 Ne3+ 26. Kg1 Nxg4 27. hxg4 Qxg5 28. Qh3 f5 29. f3 Bxc3 0-1


[Site "https://www.chess.com"]

[Event "Titled Tuesday Blitz May 23 Late 2023"]
[White "Zaitsev, Alexander"]
[Black "Kushko, Dmitriy"]
[WhiteFideId "4164490"]
[BlackFideId "14162261"]
[WhiteElo "2373"]
[BlackElo "2230"]
[Result "0-1"]
[Round "01"]
[TimeControl "180+2"]
[Date "2023.05.23"]
[WhiteClock "0:00:00"]
[BlackClock "0:00:16"]

1. e4 g6 2. d4 Bg7 3. Nf3 d6 4. Bc4 Nc6 5. d5 Ne5 6. Nxe5 Bxe5 7. O-O Bg7 8. Bd3 Nf6 9. c4 O-O 10. Nc3 c5 11. f4 e5 12. dxe6 fxe6 13. f5 Nd7 14. fxg6 hxg6 15. Rxf8+ Qxf8 16. Qg4 Bd4+ 17. Kh1 Ne5 18. Qg3 Qf2 19. Qxf2 Bxf2 20. Be2 Bd7 21. Bf4 a6 22. Bxe5 dxe5 23. Rf1 Bd4 24. Bg4 Kg7 25. h4 b5 26. Be2 b4 27. Nd1 Rh8 28. g3 a5 29. Kg2 Bc6 30. Bf3 a4 31. b3 Ra8 32. Nf2 axb3 33. axb3 Ra3 34. Rb1 Ra2 35. Rf1 Rb2 36. g4 Rxb3 37. h5 Rc3 38. g5 gxh5 39. Bxh5 Rc2 40. Kf3 Rxf2+ 41. Rxf2 Bxf2 42. Kxf2 Bxe4 43. Ke2 b3 0-1


[Site "https://www.chess.com"]

[Event "Titled Tuesday Blitz May 23 Late 2023"]
[White "Weetik, Vjacheslav"]
[Black "reevecanada"]
[WhiteFideId "4153472"]
[WhiteElo "2469"]
[BlackElo "2413"]
[Result "0-1"]
[Round "01"]
[TimeControl "180+2"]
[Date "2023.05.23"]
[WhiteClock "0:00:00"]
[BlackClock "0:00:17"]

1. d4 d5 2. Bf4 Nf6 3. e3 e6 4. Nd2 Bd6 5. Ngf3 O-O 6. c3 c5 7. Bd3 Nc6 8. Bg3 b6 9. Qe2 Qc7 10. e4 e5 11. exd5 exd4 12. dxc6 Re8 13. Ne4 Nxe4 14. Bxe4 Bf5 15. Nd2 Bxg3 16. hxg3 Bxe4 17. Nxe4 Qxc6 18. f3 f5 19. Qc4+ Qe6 20. Qxe6+ Rxe6 21. O-O-O fxe4 22. cxd4 cxd4 23. Rxd4 exf3 24. gxf3 Re2 25. Rd2 Re3 26. Rf1 Rf8 27. Rdf2 g5 28. Kd2 Re6 29. Re2 Rd8+ 30. Ke1 Red6 31. Kf2 Rd2 32. Rc1 R8d7 33. Rc4 Kf7 34. a4 h5 35. b4 Kf6 36. b5 Rxe2+ 37. Kxe2 Re7+ 38. Kf2 Rd7 39. Rc6+ Kf5 40. Rh6 Rd2+ 41. Ke3 Ra2 42. Rxh5 Rxa4 43. f4 Ra3+ 44. Kf2 Ra2+ 45. Ke1 Ra1+ 46. Kd2 Ra2+ 47. Kc1 Ke4 48. Rxg5 Kd3 49. Rg7 Kc3 50. Rc7+ Kb4 51. f5 Rf2 52. g4 Kxb5 53. Rf7 a5 54. f6 a4 55. g5 a3 56. Ra7 a2 57. Ra3 Kb4 0-1


[Site "https://www.chess.com"]

[Event "Titled Tuesday Blitz May 23 Late 2023"]
[White "Perez Rodriguez, Jennifer"]
[Black "Weichhold, Pawel"]
[WhiteFideId "3507831"]
[BlackFideId "1139703"]
[WhiteElo "2116"]
[BlackElo "2330"]
[Result "1-0"]
[Round "01"]
[TimeControl "180+2"]
[Date "2023.05.23"]
[WhiteClock "0:00:08"]
[BlackClock "0:00:27"]

1. e4 c5 2. c3 d5 3. exd5 Qxd5 4. d4 Nf6 5. Nf3 e6 6. Bd3 Be7 7. O-O O-O 8. Be3 cxd4 9. cxd4 Nc6 10. Nc3 Qd6 11. a3 b6 12. Qe2 Bb7 13. Rad1 Rac8 14. Rfe1 Rfd8 15. Bb1 Bf8 16. Bg5 Ne7 17. Ne5 Ng6 18. h4 Be7 19. h5 Nf8 20. Bf4 Nd5 21. Nxd5 Qxd5 22. Qg4 Bf6 23. Be4 Qxe4 24. Rxe4 Bxe4 25. Bg5 Bf5 26. Qg3 Bxe5 27. Qxe5 f6 28. Bxf6 gxf6 29. Qxf6 Rd7 30. d5 Rf7 31. Qe5 exd5 32. Rxd5 h6 33. Rd6 Rc5 34. Qe8 Bh7 35. Rxh6 Rg5 36. Re6 Bf5 37. Re7 Rgg7 38. Rxf7 Rxf7 39. Qe5 Be6 40. h6 Kh7 41. Qe3 Bf5 42. Qg5 Bg6 43. f3 Ne6 44. Qe5 Kxh6 45. Qxe6 Rf5 46. Qd7 Rg5 47. Qxa7 Bh5 48. Kf2 Rg6 49. b4 Rf6 50. a4 Bf7 51. a5 bxa5 52. bxa5 Kg6 53. Qc7 Bd5 54. Qc5 Bb7 55. Qe5 Ba6 56. f4 Kf7 57. g4 Re6 58. Qf5+ Ke7 59. Qh7+ Kd6 60. f5 Re2+ 61. Kg3 Kc5 62. f6 Re3+ 63. Kf4 Re1 64. Kg5 Re5+ 65. Kh6 Re6 66. Qc7+ Kd5 67. Kg7 Re4 68. Qd7+ Kc5 69. Qe7+ Kd5 70. Qxe4+ Kxe4 71. f7 Kf4 72. f8=Q+ Kxg4 73. Qd6 Be2 74. a6 Kf3 75. a7 Kf2 76. a8=Q Ke1 77. Qe4 Kf1 78. Qde5 Bf3 79. Qxf3+ Kg1 80. Qe1+ Kh2 81. Qfg3# 1-0


[Site "https://www.chess.com"]

[Event "Titled Tuesday Blitz May 23 Late 2023"]
[White "Matinian, Nikita"]
[Black "Szyszylo, Rafal"]
[WhiteFideId "24129100"]
[BlackFideId "1109626"]
[WhiteElo "2422"]
[BlackElo "1951"]
[Result "1-0"]
[Round "01"]
[TimeControl "180+2"]
[Date "2023.05.23"]
[WhiteClock "0:01:37"]
[BlackClock "0:00:00"]

1. e4 d6 2. d4 Nf6 3. Nc3 g6 4. f4 Bg7 5. Nf3 O-O 6. e5 Nfd7 7. Bc4 Nb6 8. Bb3 Nc6 9. h4 Na5 10. h5 Nxb3 11. axb3 dxe5 12. fxe5 Bg4 13. h6 Bh8 14. Be3 Nd5 15. Qd2 Nxe3 16. Qxe3 Bxf3 17. gxf3 Qd7 18. O-O-O b5 19. f4 c6 20. Ne4 Qd5 21. f5 a5 22. Rdf1 Bxe5 23. dxe5 Qxe5 24. Qf4 Qxf4+ 25. Rxf4 gxf5 26. Rg1+ Kh8 27. Rxf5 f6 28. Rg7 Rae8 29. Rc5 Rg8 30. Rxg8+ Kxg8 31. Rxc6 Kf7 32. Rc5 1-0


[Site "https://www.chess.com"]

[Event "Titled Tuesday Blitz May 23 Late 2023"]
[White "zsizsi99"]
[Black "Nazari, Arad"]
[BlackFideId "12577324"]
[WhiteElo "2409"]
[BlackElo "2175"]
[Result "0-1"]
[Round "01"]
[TimeControl "180+2"]
[Date "2023.05.23"]
[WhiteClock "0:00:18"]
[BlackClock "0:00:29"]

1. e4 c5 2. Nf3 d6 3. d4 cxd4 4. Nxd4 Nf6 5. Nc3 a6 6. Be2 e5 7. Nb3 Be7 8. O-O O-O 9. Kh1 Nc6 10. f4 b5 11. Bf3 Na5 12. Be3 Nc4 13. Bc1 Qc7 14. Nd5 Nxd5 15. exd5 exf4 16. c3 Ne3 17. Bxe3 fxe3 18. a4 bxa4 19. Rxa4 Rb8 20. Be2 Bg5 21. Bxa6 Bxa6 22. Rxa6 Qc4 23. Rf5 e2 24. Qe1 Qxa6 25. Rxg5 Rxb3 26. Qd2 Qa1+ 27. Qe1 Qxe1# 0-1


[Site "https://www.chess.com"]

[Event "Titled Tuesday Blitz May 23 Late 2023"]
[White "Chen, Ryo"]
[Black "Kisic, Bozidar"]
[WhiteFideId "7003072"]
[BlackFideId "16500350"]
[WhiteElo "2169"]
[BlackElo "2234"]
[Result "0-1"]
[Round "01"]
[TimeControl "180+2"]
[Date "2023.05.23"]
[WhiteClock "0:01:50"]
[BlackClock "0:01:29"]

1. e4 g6 2. d4 Bg7 3. Nf3 d6 4. Be2 a6 5. O-O Nd7 6. c4 e5 7. d5 Ne7 8. Nc3 h6 9. b4 f5 10. Be3 Nf6 11. Rc1 fxe4 12. Nd2 Bf5 13. Qc2 O-O 14. Ncxe4 Nxe4 15. Nxe4 Qe8 16. Bd3 g5 17. Ng3 Bxd3 18. Qxd3 a5 19. c5 axb4 20. cxd6 cxd6 21. Ne4 Nf5 22. Qb3 Qb5 23. Rc7 Ra3 24. Qc2 Nxe3 0-1


[Site "https://www.chess.com"]

[Event "Titled Tuesday Blitz May 23 Late 2023"]
[White "Gatterer, Florian"]
[Black "Volkov, Maksim"]
[WhiteFideId "811688"]
[BlackFideId "54123070"]
[WhiteElo "2221"]
[BlackElo "2297"]
[Result "0-1"]
[Round "01"]
[TimeControl "180+2"]
[Date "2023.05.23"]
[WhiteClock "0:00:05"]
[BlackClock "0:00:15"]

1. b3 e5 2. Bb2 Nc6 3. c4 Nf6 4. Nf3 e4 5. Nd4 d5 6. e3 Nxd4 7. Bxd4 c5 8. Bxf6 Qxf6 9. Nc3 dxc4 10. Bxc4 Qg6 11. Bd5 f5 12. g3 Be7 13. Qc2 Be6 14. d3 exd3 15. Qxd3 O-O 16. Qc4 Kf7 17. O-O Rfd8 18. Rfd1 a6 19. Bxe6+ Qxe6 20. Rd5 g6 21. Rad1 b5 22. Qd3 Rxd5 23. Qxd5 Rd8 24. Qxe6+ Kxe6 25. Rxd8 Bxd8 26. Kf1 Ba5 27. Nd1 c4 28. bxc4 bxc4 29. Ke2 Kd5 30. f3 Bb4 31. Nf2 h6 32. h3 Bd6 33. g4 f4 34. exf4 Bxf4 35. Ne4 Kd4 36. Nf2 c3 37. Kd1 Ke3 38. Ne4 Be5 39. Kc2 Kxf3 40. Nc5 a5 41. Nd3 Bf6 42. a4 Kg3 43. Nc5 Kxh3 44. Nb7 Kxg4 45. Nxa5 h5 46. Nc4 Bd4 47. Kd3 c2 48. Kxc2 h4 49. Nd2 h3 50. Nf1 Kf3 51. Kd3 Kg2 52. Nd2 h2 53. Kxd4 h1=Q 54. Nc4 Qh4+ 55. Kc5 Qe7+ 56. Kb5 Qd7+ 57. Kb4 g5 58. a5 Qb7+ 59. Nb6 Qa6 60. Ka4 g4 61. Kb4 g3 62. Na4 Kh2 63. Nc5 Qc6 64. a6 g2 65. Na4 Qxa6 66. Nc5 Qb6+ 67. Kc4 g1=Q 68. Nd3 Qgd4# 0-1


[Site "https://www.chess.com"]

[Event "Titled Tuesday Blitz May 23 Late 2023"]
[White "Dimitrov, Atanas"]
[Black "a-z30"]
[WhiteFideId "2901315"]
[WhiteElo "2717"]
[BlackElo "2406"]
[Result "1-0"]
[Round "01"]
[TimeControl "180+2"]
[Date "2023.05.23"]
[WhiteClock "0:00:46"]
[BlackClock "0:00:00"]

1. Nf3 d6 2. c4 Nf6 3. Nc3 g6 4. g3 Bg7 5. Bg2 O-O 6. O-O c5 7. b3 Nc6 8. Bb2 Qd7 9. d4 cxd4 10. Nxd4 Nxd4 11. Qxd4 a6 12. Rfd1 Qd8 13. Rac1 Qa5 14. a3 Be6 15. b4 Qc7 16. Nd5 Bxd5 17. Bxd5 Nh5 18. Qd2 Bxb2 19. Qxb2 Nf6 20. Bf3 Rac8 21. c5 dxc5 22. Rxc5 Qb6 23. Rdc1 Rxc5 24. Rxc5 Rd8 25. Qc2 Kg7 26. h4 h5 27. Qc3 Rd7 28. Kg2 Qd6 29. Qe3 Kh7 30. Rc8 Rc7 31. Rb8 b5 32. Rb6 Qd7 33. Rxa6 e6 34. Ra8 Kg7 35. Qe5 Rc4 36. Qb8 1-0


[Site "https://www.chess.com"]

[Event "Titled Tuesday Blitz May 23 Late 2023"]
[White "KorolDimitriy75"]
[Black "Badmatsyrenov, Oleg"]
[BlackFideId "24115762"]
[WhiteElo "2405"]
[BlackElo "2396"]
[Result "0-1"]
[Round "01"]
[TimeControl "180+2"]
[Date "2023.05.23"]
[WhiteClock "0:00:00"]
[BlackClock "0:00:11"]

1. d4 Nf6 2. c4 c5 3. d5 e6 4. Nc3 exd5 5. cxd5 d6 6. Nf3 g6 7. Nd2 Bg7 8. Nc4 O-O 9. Bf4 Ne8 10. Qd2 b6 11. e4 Ba6 12. a4 Qe7 13. Bg5 Bf6 14. Bh6 Bg7 15. Bg5 Bf6 16. Bh6 Ng7 17. f3 Nd7 18. Be2 Bxc4 19. Bxc4 Bxc3 20. bxc3 f5 21. O-O fxe4 22. Rae1 Rf5 23. Rxe4 Re5 24. Rfe1 Nf5 25. Rxe5 Nxe5 26. Bb5 Nxh6 27. f4 a6 28. Bc6 Nxc6 29. Rxe7 Nxe7 30. Qe2 Nhf5 31. Qe6+ Kf8 32. g4 Nh6 33. Qxd6 Nf7 34. Qe6 Rd8 35. f5 gxf5 36. gxf5 Rd6 37. Qe4 Rxd5 38. c4 Rd4 39. Qa8+ Kg7 40. Qxa6 Nxf5 41. Qxb6 Rxc4 42. a5 Rc1+ 43. Kf2 Ne5 44. a6 Ra1 45. a7 Ra2+ 46. Ke1 Nd3+ 47. Kf1 Ne3+ 48. Kg1 Ra1+ 0-1


[Site "https://www.chess.com"]